 Dungeon Crawl Stone Soup version 0.32-a0-961-gd60f5e5fc7 (webtiles) character file.

Game seed: 15504273748906083559

977 PriceMaster the Magician (level 7, -1/33 HPs)
             Began as a Spriggan Alchemist on Apr 18, 2024.
             Was an Initiate of Gozag.
             Shot with an arrow by a centaur (11 damage)
             ... on level 6 of the Dungeon.
             The game lasted 00:08:46 (5737 turns).

PriceMaster the Magician (Spriggan Alchemist)       Turns: 5737, Time: 00:08:46

Health: -1/33      AC:  3    Str:  4    XL:     7   Next: 95%
Magic:  0/17       EV: 19    Int: 18    God:    Gozag
Gold:   380        SH:  0    Dex: 23    Spells: 10/18 levels left

rFire   . . .        m - +0 war axe
rCold   . . .        (no shield)
rNeg    . . .        a - +0 robe
rPois   .            (helmet restricted)
rElec   .            y - +0 cloak {rCorr}
rCorr   +            (gloves unavailable)
SInv    +            (boots unavailable)
Will    +....        s - amulet of Ru's Envy {Spirit Dex+7}
Stlth   +++          (no ring)
HPRegen 0.25/turn    (no ring)
MPRegen 0.15/turn

%: guardian spirit
@: gold aura, very slightly contaminated, very quick
A: very small, no large weapons, unfitting armour, see invisible, speed 3
a: Renounce Religion, Potion Petition, Call Merchant, Bribe Branch


You were on level 6 of the Dungeon.
You worshipped Gozag.
Gozag was aware of your devotion.
You visited 1 branch of the dungeon, and saw 6 of its levels.

You collected 446 gold pieces.
You paid 66 gold pieces to Gozag.

Inventory:

Hand Weapons
 m - a +0 war axe (weapon)
Missiles
 e - a throwing net
Armour
 a - a +0 robe (worn)
 y - a +0 cloak of preservation (worn)
Jewellery
 s - the amulet of Ru's Envy (around neck) {Spirit Dex+7}
   (You found it on level 4 of the Dungeon)

   [amulet of guardian spirit]

   Spirit:    It causes incoming damage to be divided between your reserves of
   health and magic.
   Dex+7:     It affects your dexterity (+7).
 u - an amulet of the acrobat
Wands
 t - a wand of polymorph (10)
Scrolls
 f - a scroll of revelation
 k - a scroll of torment
 n - 2 scrolls of fear
 p - a scroll of amnesia
 q - a scroll of fog
 r - 2 scrolls of blinking
Potions
 c - a potion of mutation {unknown}
 h - a potion of ambrosia {unknown}
 j - 3 potions of curing {unknown}
 l - 3 potions of brilliance {unknown}
 o - 2 potions of degeneration {unknown}
 w - a potion of cancellation {unknown}
 x - a potion of berserk rage {unknown}


   Skills:
 + Level 1.6 Fighting
 + Level 1.4 Axes
 + Level 4.4 Dodging
 + Level 4.3 Stealth
 + Level 6.1 Spellcasting
 + Level 3.0 Conjurations
 + Level 0.2 Hexes
 + Level 0.1 Fire Magic
 + Level 6.0 Alchemy


You had 10 spell levels left.
You knew the following spells:

 Your Spells              Type           Power      Damage    Failure   Level
a - Sting                 Conj/Alch      84%        1d8       1%          1
b - Olgreb's Toxic Radia  Alch           27%        N/A       10%         4
c - Inner Flame           Hex/Fire       6%         N/A       32%         3

Your spell library contained the following spells:

 Spells                   Type           Power      Damage    Failure   Level
 Mercury Vapours          Alch/Air       32%        N/A       5%          2
 Kiss of Death            Conj/Necr      44%        2d8       6%          1
 Cigotuvi's Dreadful Rot  Necr/Alch/Air  24%        N/A       8%          2
 Mephitic Cloud           Conj/Alch/Air  16%        N/A       11%         3
 Necrotise                Necr           20%        1d5       12%         1
 Dazzling Flash           Conj/Hex       22%        N/A       19%         3
 Confusing Touch          Hex            6%         N/A       32%         3
 Sticky Flame             Fire/Alch      16%        2d5       32%         4
 Fugue of the Fallen      Necr           5%         N/A       34%         3
 Ozocubu's Armour         Ice            5%         N/A       34%         3
 Vampiric Draining        Necr           5%         2d6       34%         3
 Dispel Undead            Necr           5%         3d7       75%         4
 Martyr's Knell           Necr/Summ      5%         N/A       75%         4
 Curse of Agony           Necr           5%         N/A       97%         5
 Starburst                Conj/Fire      5%         6d4       100%        6
 Enfeeble                 Hex            3%         N/A       100%        7
 Manifold Assault         Tloc           2%         N/A       100%        7
 Fulsome Fusillade        Conj/Alch      10%        (3-5)d6   100%        8


Dungeon Overview and Level Annotations

Branches:
Dungeon (6/15)             Temple (0/1) D:5

Altars:
Ashenzari
Elyvilon
Gozag
Qazlal
Trog
Wu Jian

Shops:
D:4 =


Innate Abilities, Weirdness & Mutations

You are very small and have problems with some larger weapons.
You are too small for most types of armour.
You have supernaturally acute eyesight. (SInv)
You cover ground extremely quickly. (Speed+++)


Message History

The kobold brigand looks even sicker.
The centaur is distracted by your dazzling golden aura.
The kobold brigand is distracted by your dazzling golden aura.
Casting: Olgreb's Toxic Radiance (quite dangerous; 11% risk of failure)
Confirm with . or Enter, or press ? or * to list all spells.
Aiming: Inner Flame (quite dangerous; 34% risk of failure)
Press: ? - help, Dir - move target, f/p - kobold brigand
Aim: a kobold brigand, wielding a +0 short sword and quivering poisoned darts (severely wounded, unaware, very poisoned, hasn't noticed you, chance to affect: 49%)
The kobold brigand is no longer distracted by gold.
The kobold brigand shouts!
The kobold brigand resists with some effort.
The centaur shouts!
The centaur is no longer distracted by gold.
The kobold brigand looks as sick as possible!
Your toxic aura wanes.
The centaur wields a +0 orcbow.
The centaur shoots an arrow.
The arrow hits you!
Casting: Inner Flame (quite dangerous; 34% risk of failure)
Confirm with . or Enter, or press ? or * to list all spells.
You don't have enough magic to cast this spell.
Casting: Inner Flame (quite dangerous; 34% risk of failure)
Confirm with . or Enter, or press ? or * to list all spells.
Aiming: Sting (safe; 1% risk of failure)
Press: ? - help, Shift-Dir - straight line, f/p - kobold brigand
Aim: a kobold brigand, wielding a +0 short sword and quivering poisoned darts (severely wounded, extremely poisoned, 70% to hit)
The sting hits the kobold brigand.
The kobold brigand looks as sick as possible!
The kobold brigand is almost dead.
You kill the kobold brigand!
The hound stops to sniff the ground.
Your Alchemy skill increases to level 6!
Unknown command.
Unknown command.
Casting: Sting (safe; 1% risk of failure)
Confirm with . or Enter, or press ? or * to list all spells.
You don't have enough magic to cast this spell.
The centaur shoots an arrow.
The arrow barely misses you.
The centaur shoots an arrow.
The arrow hits you!
You die...
Your body crumbles into a pile of gold. #.#$#. #...cY $○°○

#.)# #h○# #..#
#.(# #..# #@.##
#.#.##
##.###.## #.#
##.###.###
##.###.........
#.#.#####.###
###...# #.....#
#.....#


You could see a centaur (poisoned) and a hound (poisoned).

Vanquished Creatures
  Grinder (D:4)
  Duvessa (D:4)
  A water moccasin (D:6)
  An ice beast (D:5)
  A kobold brigand (D:6)
  A scorpion (D:4)
  Dowan (D:4)
  A bombardier beetle (D:4)
  Crazy Yiuf (D:5)
  A jelly (D:4)
  Ijyb (D:4)
  An iguana (D:5)
  6 gnolls
  3 adders
  A dart slug (D:1)
  2 ribbon worms
  6 orcs
  6 ball pythons
  6 bats
  5 endoplasms
  5 giant cockroaches
  2 goblins
  2 hobgoblins (D:2)
  12 jackals
  A quokka (D:4)
  3 frilled lizards
  13 kobolds
  6 rats
91 creatures vanquished.

Notes
Turn   | Place    | Note
-------+----------+-------------------------------------------
     0 | D:1      | PriceMaster the Spriggan Alchemist began the quest for the
                  | Orb.
     0 | D:1      | Reached XP level 1. HP: 9/9 MP: 5/5
   271 | D:1      | Reached XP level 2. HP: 13/13 MP: 4/6
  1482 | D:2      | Reached XP level 3. HP: 16/16 MP: 5/8
  1682 | D:2      | Reached skill level 1 in Conjurations
  2200 | D:2      | Reached XP level 4. HP: 6/21 MP: 3/10
  3084 | D:4      | Identified the amulet of Ru's Envy {Spirit Dex+7}
  3121 | D:4      | Found an opulent altar of Gozag.
  3194 | D:4      | Became a worshipper of Gozag Ym Sagoz the Greedy
  3238 | D:4      | Noticed a scorpion
  3257 | D:4      | Killed a scorpion
  3258 | D:4      | Reached XP level 5. HP: 25/25 MP: 8/12
  3396 | D:4      | Noticed Ijyb
  3417 | D:4      | Killed Ijyb
  3474 | D:4      | Noticed Dowan
  3475 | D:4      | Noticed Duvessa
  3498 | D:4      | Killed Dowan
  3499 | D:4      | Reached skill level 1 in Fighting
  3499 | D:4      | Reached XP level 6. HP: 19/30 MP: 5/13
  3505 | D:4      | Reached skill level 5 in Alchemy
  3653 | D:4      | Killed Duvessa
  3654 | D:4      | Reached skill level 1 in Axes
  4136 | D:4      | Noticed Grinder
  4153 | D:4      | Killed Grinder
  4154 | D:4      | Reached skill level 5 in Spellcasting
  4154 | D:4      | Reached XP level 7. HP: 31/33 MP: 5/16
  4276 | D:4      | Found Utic's Jewellery Shoppe.
  4396 | D:4      | Found a stormy altar of Qazlal.
  4499 | D:5      | Entered Level 5 of the Dungeon
  4500 | D:5      | Found a staircase to the Ecumenical Temple.
  4525 | D:5      | Got the Incunable of the Fair Folk
  4546 | D:5      | Found a bloodstained altar of Trog.
  4661 | D:5      | Found a white marble altar of Elyvilon.
  4761 | D:5      | Found a broken altar of Ashenzari.
  5110 | D:5      | Found an ornate altar of the Wu Jian Council.
  5520 | D:5      | Found a runed translucent door.
  5521 | D:5      | Noticed Crazy Yiuf
  5533 | D:5      | Killed Crazy Yiuf
  5658 | D:6      | Learned a level 4 spell: Olgreb's Toxic Radiance
  5662 | D:6      | Learned a level 3 spell: Inner Flame
  5737 | D:6      | Shot with an arrow by a centaur

Illustrated notes

Levels and vault maps discovered:
D:1:      wander_arrival_chamber, layout_basic
D:2:      layout_loops_ring, due_unseen_surprise
D:3:      layout_rooms, minivault_27
D:4:      layout_gridville, general_overflow_altar, mainiacjoe_overflow_catwalk,
          serial_shops, nicolae_shop_crystal, nicolae_titane, uniq_ijyb,
          uniq_duvessa, uniq_grinder
D:5:      layout_loops_ring, nicolae_wu_jian_immortal_techniques,
          cheibrodos_ashenzari_chains, nicolae_overflow_crystal_walls,
          elyvilon_altar_3, minmay_temple_entry_trees, uniq_crazy_yiuf_cottage
D:6:      layout_loops_ring, mainiacjoe_overflow_24_doors,
          kennysheep_little_box, nicolae_hexahallways, minivault_23

Skill      XL: |  1  2  3  4  5  6  7 |
---------------+----------------------+-----
Alchemy        | 4 5 6 |  6.0
Spellcasting   | 3 4 5 6 |  6.1
Dodging        | 3 4 |  4.4
Conjurations   | 1 2 3 |  3.0
Fighting       | 1 |  1.6
Axes           | 1 |  1.4
Stealth        | 4 |  4.3
Hexes          | |  0.2
Fire Magic     | |  0.1

Action                     |  1- 3 |  4- 6 |  7- 9 || total
---------------------------+-------+-------+-------++-------
  Melee: Unarmed           |    28 |     2 |       ||    30
         War axe           |     1 |    19 |    14 ||    34
   Cast: Sting             |    86 |    82 |    29 ||   197
         Inner Flame       |       |       |     4 ||     4
         Olgreb's Toxic Ra |       |       |     3 ||     3
    Use: Scroll            |       |       |    10 ||    10
         Potion            |       |       |     1 ||     1
   Stab: Sleeping          |       |     1 |       ||     1
 Armour: Robe              |    37 |    32 |    13 ||    82
         Skin              |       |     2 |       ||     2
  Dodge: Dodged            |   104 |    69 |    28 ||   201

Table legend: (Time is in decaauts)
 A = Elapsed time spent in this place.
 B = Non-inter-level travel time spent in this place.
 C = Inter-level travel time spent in this place.
 D = Time resting spent in this place.
 E = Time spent auto-exploring this place.
 F = Levels seen in this place.
 G = Mean time per level.
                   A        B        C        D        E       F      G
               +--------+--------+--------+--------+--------+-----+--------+
         Total |   4269 |   4162 |    107 |     75 |   3264 |   6 |  711.5 |
       Dungeon |   4269 |   4162 |    107 |     75 |   3264 |   6 |  711.5 |
               +--------+--------+--------+--------+--------+-----+--------+

Top non-repeatable levels by time:
     D:4: 1073 daAuts
     D:2: 878 daAuts
     D:1: 870 daAuts
     D:5: 787 daAuts
     D:3: 564 daAuts
     D:6: 94 daAuts
